AoeStats
← Aragorn

Arabia

510431762Analyzed
1v1 RM · 24h ago on Oct 1, 2026· 39m 31s· 2 players
Game mode
Random Map
Map size
Tiny (2 player)
Population
200
Speed
Normal
Resources
Standard
Victory
Conquest
Starting age
Dark Age
Ending age
Imperial Age
RankedLock teamsTeams togetherTeam positionsShared explorationLock speedFull tech treeHidden civsTurbo modeCheats
Victory
Defeat
🇨🇴 Tupi · Colombia
1138
+16
🇵🇪 Spanish · Peru
1139
-16
Aragorn
10:35 Feudal Age
16:04 Castle Age
15:24 Double-Bit Axe
17:25 Fletching
21:43 Bodkin Arrow
23:27 Ballistics
39:18 Imperial Age
El Pulpin
6:44 Loom
9:18 Feudal Age
15:40 Castle Age
15:51 Double-Bit Axe
19:25 Horse Collar
22:43 Padded Archer Armor
23:30 Heavy Plow
Connection lost

Rejoining the realm…

Still unreachable

The connection could not be restored.

Session expired

The server has moved on; the page needs a fresh start.